 Dungeon Crawl Stone Soup version 0.28.0-1-gb440e238dd (webtiles) character file.

Game seed: 15934225900345959984

42 386 the Insei (level 3, -1/27 HPs)
             Began as a Demonspawn Transmuter on Feb 27, 2022.
             Slain by a goblin (5 damage)
             ... led by Robin
             ... on level 2 of the Dungeon.
             The game lasted 00:04:44 (1740 turns).

386 the Insei (Demonspawn Transmuter)               Turns: 1740, Time: 00:04:44

Health: -1/27      AC:  2    Str: 12    XL:     3   Next: 35%
Magic:  5/6        EV: 12    Int: 14    God:
Gold:   29         SH:  0    Dex: 13    Spells: 5/6 levels left

rFire   . . .      SeeInvis .   c - +0 dagger
rCold   . . .      Faith    .   (no shield)
rNeg    . . .      Spirit   .   a - +0 robe
rPois   .          Reflect  .   (helmet currently unavailable)
rElec   .          Harm     .   (no cloak)
rCorr   .          Rampage  .   (no gloves)
Will    .....                   (boots currently unavailable)
Stlth   ++........              (no amulet)
HPRegen 0.09/turn               (no ring)
MPRegen 0.10/turn               (no ring)

@: appendages (expiring)
A: horns 2, talons 2, foul stench 1
a: End Transformation


You were on level 2 of the Dungeon.
You had temporarily grown beastly horns and talons.
You visited 1 branch of the dungeon, and saw 2 of its levels.

You collected 29 gold pieces.

Inventory:

Hand Weapons
 c - a +0 dagger (weapon)
Missiles
 d - 42 stones
 i - 3 poisoned darts (quivered)
Armour
 a - a +0 robe (worn)
 h - a +2 hat
Jewellery
 f - an amulet of reflection
Scrolls
 b - 2 scrolls of identify {unknown}
 e - a scroll of amnesia {unknown}
Potions
 g - 2 potions of heal wounds {unknown}


   Skills:
 + Level 1.7 Fighting
 + Level 2.2 Dodging
 + Level 1.0 Stealth
 - Level 2.6 Unarmed Combat
 + Level 2.3 Spellcasting
 + Level 2.1 Transmutations


You had 5 spell levels left.
You knew the following spells:

 Your Spells              Type           Power      Damage    Failure   Level
a - Beastly Appendage     Tmut           14%        N/A       10%         1

Your spell library contained the following spells:

 Spells                   Type           Power      Damage    Failure   Level
 Wereblood                Tmut           7%         N/A       14%         2
 Spider Form              Tmut/Pois      4%         N/A       41%         3
 Ignite Poison            Fire/Tmut/Pois 3%         N/A       45%         3
 Conjure Flame            Conj/Fire      1%         6-21      56%         3
 Ice Form                 Ice/Tmut       4%         N/A       82%         4
 Sticky Flame             Conj/Fire      1%         2d3       92%         4


Dungeon Overview and Level Annotations

Branches:
Dungeon (2/15)

Altars:

Annotations:
D:2 Robin


Innate Abilities, Weirdness & Mutations

You have temporarily grown beastly horns and talons.
You may rarely emit foul miasma when damaged in melee.


Message History

The goblin completely misses you.
You hit the goblin. You claw the goblin.
You kill the goblin!
The goblin barely misses you. The goblin hits you with a +0 dagger.
You emit a cloud of foul miasma!
Casting: Beastly Appendage (safe; 10% risk of failure)
Confirm with . or Enter, or press ? or * to list all spells.
You extend your transformation's duration.
The goblin barely misses you.
The goblin is engulfed in dark miasma.
The goblin is poisoned.
The goblin hits you with a +0 dagger. The goblin hits you with a +0 club.
You are too injured to fight recklessly!
You are too injured to fight recklessly!
You hit the goblin.
You kill the goblin!
Your transformation is almost over.
The goblin no longer looks unusually strong.
You kill the goblin!
The goblin completely misses you.
The goblin no longer looks unusually strong.
Robin throws the goblin at you!
* * * LOW HITPOINT WARNING * * *
You see here a +0 club.
You completely miss the goblin. Your kick misses the goblin.
You headbutt the goblin.
You kill the goblin!
The goblin hits you with a +0 club.
* * * LOW HITPOINT WARNING * * *
Robin throws the goblin at you! The goblin hits you with a +0 club.
* * * LOW HITPOINT WARNING * * *
Robin roars a battlecry!
The goblins go into a battle-frenzy!
You see here a +0 dagger.
The hobgoblin no longer looks unusually strong.
Robin says, "Duck!"
Robin roars a battlecry!
The hobgoblin goes into a battle-frenzy!
The goblin hits you with a +0 club.
You die...

#.. #.# #.. ##.###..
...##.# #..##.#
#####..##.############# ##
.......##..............
#...####.g...##############
#...g)gg)g@........#
#....##°.).....###.# #...
#........# .... #........#
... ##......... #.
########### #


You could see Robin, 2 hobgoblins and 2 goblins.

Vanquished Creatures
  3 ball pythons
  6 endoplasms
  A giant cockroach (D:1)
  10 goblins
  6 hobgoblins
  A quokka (D:1)
  2 bats (D:1)
  2 frilled lizards (D:1)
  3 kobolds
  4 rats (D:1)
38 creatures vanquished.

Notes
Turn   | Place    | Note
-------+----------+-------------------------------------------
     0 | D:1      | 386 the Demonspawn Transmuter began the quest for the Orb.
     0 | D:1      | Reached XP level 1. HP: 15/15 MP: 3/3
   332 | D:1      | Gained mutation: You may rarely emit foul miasma when
                  | damaged in melee. [demonic ancestry]
   332 | D:1      | Reached XP level 2. HP: 13/21 MP: 3/5
   781 | D:1      | Found a faded altar of an unknown god.
  1447 | D:1      | Reached skill level 1 in Stealth
  1447 | D:1      | Reached XP level 3. HP: 26/26 MP: 4/6
  1722 | D:2      | Noticed Robin
  1740 | D:2      | Slain by a goblin

Illustrated notes

Levels and vault maps discovered:
D:1:      heliophobic_arrival_glass_houses, layout_loops_ring,
          shapermc_ecumenical_altar_notcrosses
D:2:      layout_basic, kennysheep_flooded_box, grunt_ministairs_7, minivault_5,
          uniq_sigmund, uniq_terence, uniq_robin

Skill      XL: |  1  2 |
---------------+-------+-----
Dodging        | 2 |  2.2
Transmutations | 2 |  2.1
Stealth        | 1 |  1.0
Fighting       | |  1.7
Unarmed Combat | |  2.6
Spellcasting   | |  2.3

Action                   || total
-------------------------++-------
Melee: Dagger            ||    94
       Kick              ||    19
       Headbutt          ||    13
       Punch             ||     3
       Unarmed           ||     1
 Cast: Beastly Appendage ||    23
Armor: Robe              ||    15
Dodge: Dodged            ||    65
